AoeStats
← Banana Cop

Black Forest

510324921Analyzed
4v4 RM · 1d ago on Sep 30, 2026· 52m 7s· 8 players
Game mode
Random Map
Map size
Large (8 player)
Population
200
Speed
Normal
Resources
Standard
Victory
Conquest
Starting age
Dark Age
Ending age
Imperial Age
RankedLock teamsTeams togetherTeam positionsShared explorationLock speedFull tech treeHidden civsTurbo modeCheats
Victory
Defeat
🇨🇳 Khmer · China
816
+14
🇦🇺 Britons · Australia
797
+14
🇨🇳 Persians · China
781
+15
🇮🇩 Gurjaras · Indonesia
780
+15
🇩🇪 Wei · Germany
814
-17
🇨🇦 Huns · Canada
756
-14
🇬🇷 Italians · Greece
739
-14
🇬🇧 Romans · United Kingdom
728
-13
MoNoKrom
12:09 Feudal Age
10:25 Loom
17:19 Bloodlines
22:17 Castle Age
22:16 Forging
22:39 Horse Collar
26:35 Scale Barding Armor
28:21 Iron Casting
35:13 Gold Mining
35:26 Heavy Plow
35:13 Double-Bit Axe
35:26 Fletching
36:36 Gold Shaft Mining
35:55 Stone Mining
38:11 Wheelbarrow
37:22 Town Watch
39:56 Stone Shaft Mining
39:34 Bow Saw
40:45 Chain Barding Armor
43:14 Caravan
45:04 Kshatriyas
48:07 Imperial Age
46:42 Hand Cart
48:54 Elite Chakram Thrower
49:09 Elite Chakram Thrower
50:11 Frontier Guards
50:18 Frontier Guards
49:44 Heavy Camel Rider
Banana Cop
12:16 Feudal Age
16:30 Castle Age
14:54 Double-Bit Axe
15:06 Gold Mining
17:30 Bow Saw
18:13 Gold Shaft Mining
21:26 Horse Collar
21:40 Stone Mining
22:53 Heavy Plow
23:30 Wheelbarrow
26:02 Hand Cart
26:30 Fletching
27:40 Bodkin Arrow
28:28 Yeomen
28:41 Padded Archer Armor
29:04 Ballistics
33:06 Imperial Age
31:01 Leather Archer Armor
32:50 Caravan
34:21 Conscription
33:42 Elite Longbowman
34:33 Siege Engineers
35:14 Bracer
36:04 Forging
35:54 Scale Mail Armor
37:24 Two-Man Saw
37:11 Warwolf
38:35 Ring Archer Armor
37:30 Pikeman
38:11 Squires
42:53 Iron Casting
42:34 Chain Mail Armor
46:33 Blast Furnace
46:03 Plate Mail Armor
48:30 Halberdier
48:56 Arson
星河船泊
1:08 Loom
2:34 Loom
9:08 Feudal Age
9:49 Double-Bit Axe
9:52 Horse Collar
12:30 Horse Collar
20:08 Castle Age
18:50 Forging
19:19 Scale Barding Armor
19:29 Stone Mining
22:56 Stone Shaft Mining
22:37 Bow Saw
24:36 Heavy Plow
24:42 Gold Mining
26:10 Gold Shaft Mining
27:22 Wheelbarrow
27:14 Fletching
28:35 Devotion
28:48 Masonry
35:46 Imperial Age
33:40 Hand Cart
33:31 Padded Archer Armor
33:49 Fervor
34:06 Bloodlines
34:23 Ballistics
34:01 Bodkin Arrow
34:47 Husbandry
35:02 Light Cavalry
36:00 Leather Archer Armor
36:35 Iron Casting
36:23 Chain Barding Armor
36:34 Conscription
37:28 Ring Archer Armor
37:01 Caravan
40:25 Coinage
39:53 Town Watch
40:59 Citadels
40:52 Kamandaran
41:54 Thumb Ring
41:12 Crossbowman
44:07 Two-Man Saw
43:42 Crop Rotation
43:20 Town Patrol
43:52 Elite War Elephant
46:47 Hoardings
ovo3000wh
0:50 Loom
16:59 Feudal Age
17:21 Man-at-Arms
20:57 Fletching
25:05 Castle Age
23:22 Double-Bit Axe
24:15 Scale Mail Armor
24:42 Stone Mining
24:52 Town Watch
26:06 Bow Saw
28:41 Padded Archer Armor
30:05 Wheelbarrow
33:02 Sanctity
33:04 Bodkin Arrow
33:55 Herbal Medicine
34:28 Gold Mining
36:03 Hand Cart
36:11 Caravan
36:49 Scale Barding Armor
37:59 Bloodlines
37:54 Long Swordsman
38:58 Masonry
38:47 Light Cavalry
42:28 Imperial Age
40:41 Pikeman
42:01 Town Patrol
42:24 Chain Barding Armor
43:40 Double Crossbow
45:03 Chemistry
43:51 Crossbowman
44:25 Arbalester
45:26 Two-Handed Swordsman
46:08 Hussar
46:54 Husbandry
47:17 Conscription
47:53 Elite Battle Elephant
48:09 Halberdier
49:45 Bracer
50:29 Plate Barding Armor
50:17 Ballistics
50:30 Onager
David Ygra
1:03 Loom
13:50 Feudal Age
14:41 Man-at-Arms
15:08 Arson
16:33 Wheelbarrow
22:29 Horse Collar
23:05 Double-Bit Axe
25:25 Forging
29:16 Castle Age
27:24 Gold Mining
27:30 Stone Mining
28:17 Bloodlines
28:06 Fletching
28:19 Padded Archer Armor
29:21 Elite Skirmisher
30:04 Bodkin Arrow
30:25 Leather Archer Armor
31:54 Bow Saw
32:30 Heavy Plow
33:18 Gold Shaft Mining
33:06 Pikeman
33:48 Squires
36:50 Iron Casting
36:16 Scale Mail Armor
40:48 Imperial Age
38:37 Hand Cart
38:07 Town Watch
40:28 Chain Mail Armor
40:19 Scale Barding Armor
44:13 Ring Archer Armor
43:44 Bracer
45:01 Light Cavalry
48:04 Hussar
lewiswilsonmma
0:45 Loom
15:11 Feudal Age
17:13 Town Watch
18:35 Double-Bit Axe
19:03 Horse Collar
24:40 Castle Age
22:30 Man-at-Arms
23:41 Stone Mining
26:32 Long Swordsman
28:08 Fletching
28:19 Scale Mail Armor
28:29 Forging
30:13 Wheelbarrow
31:49 Hand Cart
32:45 Town Patrol
35:20 Elite Skirmisher
36:23 Gold Mining
36:35 Bodkin Arrow
40:30 Imperial Age
38:45 Pikeman
40:49 Chain Mail Armor
41:10 Iron Casting
41:29 Heavy Plow
40:54 Halberdier
42:47 Conscription
43:01 Elite Centurion
45:41 Blast Furnace
49:22 Ballistics
50:03 Chemistry
49:39 Crop Rotation
NikosAmilla4
0:58 Loom
17:12 Feudal Age
17:55 Horse Collar
18:04 Double-Bit Axe
18:14 Stone Mining
18:18 Gold Mining
18:26 Man-at-Arms
18:51 Arson
20:47 Scale Mail Armor
25:06 Castle Age
24:20 Forging
26:21 Long Swordsman
42:02 Chain Mail Armor
42:23 Iron Casting
42:11 Heavy Plow
42:28 Bow Saw
50:36 Imperial Age
50:56 Coinage
deathly
14:58 Feudal Age
23:01 Castle Age
21:17 Double-Bit Axe
21:13 Horse Collar
24:36 Caravan
26:42 Light Cavalry
27:32 Bloodlines
28:50 Bloodlines
28:40 Husbandry
31:31 Murder Holes
36:15 Forging
36:12 Scale Barding Armor
38:14 Wheelbarrow
40:40 Gold Mining
40:40 Stone Mining
43:23 Imperial Age
41:13 Hand Cart
44:43 Iron Casting
44:30 Chain Barding Armor
44:42 Conscription
44:30 Cavalier
44:32 Hussar
46:50 Blast Furnace
47:15 Paladin
50:30 Scale Mail Armor
50:19 Pikeman
50:59 Squires
51:38 Chain Mail Armor
50:56 Halberdier
Connection lost

Rejoining the realm…

Still unreachable

The connection could not be restored.

Session expired

The server has moved on; the page needs a fresh start.